 Dungeon Crawl Stone Soup version 0.19.5 (webtiles) character file.

81 tricornhat the Firebug (level 4, -12/30 HPs)
             Began as a Demonspawn Fire Elementalist on Mar 12, 2017.
             Mangled by feelmyfire's ghost (18 damage)
             ... on level 3 of the Dungeon.
             The game lasted 00:15:39 (2164 turns).

tricornhat the Firebug (DsFE)                       Turns: 2164, Time: 00:15:41

Health: -12/30     AC:  5    Str:  8    XL:     4   Next: 20%
Magic:  4/8        EV: 12    Int: 18    God:
Gold:   87         SH:  0    Dex: 13    Spells: 2 memorised, 6 levels left

rFire  . . .     SeeInvis .     e - +0 short sword
rCold  . . .     Gourm    .     a - +0 robe
rNeg   . . .     Faith    .     (no shield)
rPois  .         Spirit   .     (no helmet)
rElec  .         Reflect  .     (no cloak)
rCorr  .         Harm     .     n - +0 pair of gloves
MR     .....                    (no boots)
Stlth  +.........               (no amulet)
                                (no ring)
                                (no ring)

@: glowing
A: hooves 2, thin metallic scales 1
a: no special abilities


You were on level 3 of the Dungeon.
You were not hungry.

You visited 1 branch of the dungeon, and saw 3 of its levels.

You collected 87 gold pieces.

Inventory:

Hand Weapons
 e - a +0 short sword (weapon)
Armour
 a - a +0 robe (worn)
 n - a +0 pair of gloves (worn)
Scrolls
 d - 2 scrolls of identify
 f - a scroll of immolation {unknown}
 h - 3 scrolls of fear {unknown}
 j - a scroll of magic mapping {unknown}
 l - 2 scrolls of remove curse
 m - a scroll of teleportation {unknown}
 p - a scroll of enchant weapon {unknown}
Potions
 i - a potion of degeneration {unknown}
 k - a potion of invisibility {unknown}
 o - a potion of heal wounds {unknown}
Books
 b - a book of Flames

   Spells                             Type                      Level
   a - Flame Tongue                   Conjuration/Fire             1
   b - Throw Flame                    Conjuration/Fire             2
   c - Conjure Flame                  Conjuration/Fire             3
   d - Inner Flame                    Hexes/Fire                   3
   e - Sticky Flame                   Conjuration/Fire             4
   f - Fireball                       Conjuration/Fire             5
 q - a Necronomicon

   Spells                             Type                      Level
   a - Haunt                          Necromancy/Summoning         7
   b - Borgnjor's Revivification      Necromancy                   8
   c - Death's Door                   Charms/Necromancy            8
   d - Infestation                    Necromancy                   8
   e - Necromutation                  Transmutation/Necromancy     8
Comestibles
 c - 2 bread rations
 g - a royal jelly


   Skills:
 + Level 0.2 Fighting
 + Level 0.1 Short Blades
 + Level 2.0 Dodging
 + Level 2.1 Stealth
 * Level 3.0 Spellcasting
 + Level 1.9 Conjurations
 + Level 3.1 Fire Magic


You had 6 spell levels left.
You knew the following spells:

 Your Spells              Type           Power        Failure   Level  Hunger
a - Flame Tongue          Conj/Fire      ##...        8%          1    None
b - Throw Flame           Conj/Fire      ##....       12%         2    ##.....


Dungeon Overview and Level Annotations

Branches:
Dungeon (3/15)

Altars:

Annotations:
D:3 feelmyfire's ghost, amateur VSEn


Innate Abilities, Weirdness & Mutations

You have hoof-like feet.
You are partially covered in thin metallic scales. (AC +2)


Message History

Aiming: Flame Tongue
Press: ? - help, Shift-Dir - straight line, f/p - adder
Aim: an adder (severely wounded)
The flame tongue misses the adder.
The adder misses you.
For a moment, you lose track of feelmyfire's ghost.
Feelmyfire's ghost points at you and mumbles some strange words.
You fall asleep.
The adder misses you. The adder closely misses you.
Feelmyfire's ghost hits you!
You wake up.
You are electrocuted!
Ouch! That really hurt!
* * * LOW HITPOINT WARNING * * *
As you read the scroll labeled OKLANE ORUU, it crumbles to dust.
It is a scroll of identify.
l - 2 scrolls of remove curse The adder bites you.
* * * LOW HITPOINT WARNING * * *
Feelmyfire's ghost hits you but does no damage.
You are electrocuted!
Ouch! That really hurt!
You die...

#.#+##.####.#....... ...
#.# #K#. #.#...........
#.# +.'..#.#...... ....
#.# ##.##'#.#.....#...
#.. ........#.....#.. ..
#.# ##.##+#.#......##...
#. #.# #.#....?...... #.
'. #.#...SW...... #.#
##.####.#...@#......
...........#...........
#K##.####.#......<....
#..#.#..#.#..........$
.'.'..#.#........##.
#.####.##'#.##....#(..'
#....รท......##....#'###.
#.####.##'#.##.......#
#.#..#)##........


You could see feelmyfire's ghost and an adder.

Vanquished Creatures
  3 gnolls (D:3)
  An adder (D:2)
  A dart slug (D:1)
  A leopard gecko (D:1)
  6 bats
  3 giant cockroaches
  5 hobgoblins
  A jackal (D:2)
  5 kobolds
  A quokka (D:2)
  A ball python (D:1)
  A frilled lizard (D:2)
  5 goblins
  5 rats
39 creatures vanquished.

Notes
Turn   | Place    | Note
-------+----------+-------------------------------------------
     0 | D:1      | tricornhat the Demonspawn Fire Elementalist began the quest for the Orb.
     0 | D:1      | Reached XP level 1. HP: 13/13 MP: 3/3
   424 | D:1      | Gained mutation: You have large cloven feet. [demonic ancestry]
   424 | D:1      | Reached XP level 2. HP: 18/19 MP: 3/5
  1187 | D:2      | Gained mutation: You have hoof-like feet. [demonic ancestry]
  1187 | D:2      | Reached XP level 3. HP: 14/24 MP: 2/6
  1537 | D:2      | Learned a level 2 spell: Throw Flame
  1961 | D:3      | Gained mutation: You are partially covered in thin metallic scales. (AC +2) [demonic ancestry]
  1961 | D:3      | Reached XP level 4. HP: 30/30 MP: 1/8
  2156 | D:3      | Noticed feelmyfire's ghost (amateur VSEn)
  2164 | D:3      | Mangled by feelmyfire's ghost

Skill      XL: |  1  2  3 |
---------------+----------+-----
Fire Magic     | 3 |  3.1
Stealth        | 2 |  2.1
Dodging        | 2 |  2.0
Spellcasting   | 3 |  3.0
Fighting       | |  0.2
Short Blades   | |  0.1
Conjurations   | |  1.9

Action                   |  1- 3 |  4- 6 || total
-------------------------+-------+-------++-------
Melee: Short sword       |    12 |     6 ||    18
       Unarmed           |     2 |       ||     2
       Kick              |     2 |       ||     2
 Cast: Flame Tongue      |    50 |     6 ||    56
       Throw Flame       |     7 |     5 ||    12
  Use: Scroll            |       |     1 ||     1
 Stab: Sleeping          |     4 |     1 ||     5
  Eat: Chunk             |     3 |       ||     3
       Bread ration      |     1 |       ||     1
Armor: Robe              |     6 |     5 ||    11
Dodge: Dodged            |    31 |     5 ||    36
